cohdb
Replays
Latest Replays
All Replays
Popular Replays
Top Player Replays
Match Explorer
How It Works
Community
CoH3 Stats
Reddit
Sign in to upload your games and track your stats! →
Sign in with Steam
Match 44809739
Unlisted
Match 44809739
Overview
Messages
Build Orders
End
Construct Weapon Support Center
Selects Advanced Infantry Battlegroup
M1919 Machine Gun Team
M1919 Machine Gun Team
Construct Barracks
Riflemen Squad
Riflemen Squad
Selects Convert to Ranger Squad
Mechanized Support Center
M3 Armored Personnel Carrier
Engineer Squad
M3 Armored Personnel Carrier
M1 Mortar Team
AI Takeover
ZeroFuqsGiven
admiral_gnar
DannyboyWPG
BUTMUN
叫我白给少年
IDOL
0
0
Comments
sign in to comment!
No comments posted yet!